TOP OF THE 1ST |
Delaware 1787 BC batting - Pitching for Mancelona Torch : RHP Ron Manning
|
Pitching: RHP Ron Manning
|
|
Batting: RHB David Wooderson
|
0-0: Ground out 3-1 (Groundball, 34S)
|
Batting: RHB José Rodríguez
|
0-0: Ball 1-0: Ball 2-0: Ball 3-0: Foul Ball, location: 2F 3-1: Called Strike 3-2: DOUBLE (Line Drive, 9LM)
|
Batting: LHB Juan Ledezma
|
0-0: Ball 1-0: SINGLE (Groundball, 6) (infield hit) José Rodríguez to third
|
Batting: RHB Dam Son
|
0-0: DOUBLE (Line Drive, 78D) José Rodríguez scores Juan Ledezma to third
|
Batting: RHB Phil Moore
|
0-0: Called Strike 0-1: Foul Ball, location: 2F 0-2: Ball 1-2: Ball 2-2: Ground out 1-3 (Groundball, 13S)
|
Batting: RHB Randy Sheffield
|
0-0: Called Strike 0-1: Ball 1-1: Ball 2-1: Ball 3-1: Base on Balls
|
Batting: RHB John Willoughby
|
0-0: Foul Ball, location: 2F 0-1: Foul Ball, location: 2F 0-2: Strikes out swinging
|
Top of the 1st over - 1 run(s), 3 hit(s), 0 error(s), 3 left on base; Delaware 1 - Mancelona 0 |
BOTTOM OF THE 1ST |
Mancelona Torch batting - Pitching for Delaware 1787 BC : RHP Osvaldo Garibe
|
Pitching: RHP Osvaldo Garibe
|
|
Batting: RHB José Córdova
|
0-0: Ball 1-0: Swinging Strike 1-1: Called Strike 1-2: Foul Ball, location: 2F 1-2: Foul Ball, location: 2F 1-2: Ball 2-2: Ball 3-2: Foul Ball, location: 2F 3-2: Foul Ball, location: 2F 3-2: Foul Ball, location: 2F 3-2: Strikes out swinging
|
Batting: RHB Emílio Agramónte
|
0-0: Ground out 6-3 (Groundball, 6)
|
Batting: RHB Blake Snow
|
0-0: Ball 1-0: Called Strike 1-1: Ball 2-1: Called Strike 2-2: Ball 3-2: Strikes out swinging
|
Bottom of the 1st over - 0 run(s), 0 hit(s), 0 error(s), 0 left on base; Delaware 1 - Mancelona 0 |
TOP OF THE 2ND |
Delaware 1787 BC batting - Pitching for Mancelona Torch : RHP Ron Manning
|
Batting: LHB Donovan Inman
|
0-0: Called Strike 0-1: Swinging Strike 0-2: Foul Ball, location: 2F 0-2: Fly out, F6 (Popup, 6)
|
Batting: RHB Toyozo Yamasaki
|
0-0: Ball 1-0: Foul Ball, location: 2F 1-1: Swinging Strike 1-2: SINGLE (Line Drive, 9LS)
|
Batting: RHB David Wooderson
|
0-0: Ball 1-0: SINGLE (Groundball, 4MD) Toyozo Yamasaki to second
|
Batting: RHB José Rodríguez
|
0-0: Ball 1-0: Called Strike 1-1: Foul Ball, location: 2F 1-2: Ball Wild Pitch! Toyozo Yamasaki to third David Wooderson to second 2-2: SINGLE (Groundball, 56D) Toyozo Yamasaki scores David Wooderson to third
|
Batting: LHB Juan Ledezma
|
0-0: Ball 1-0: Foul Ball, location: 2F 1-1: Ball 2-1: Foul Ball, location: 2F 2-2: Fielders Choice at 2nd, 6-4 (Groundball, 6) David Wooderson scores
|
Batting: RHB Dam Son
|
0-0: Ball 1-0: Ball Throwing error on steal attempt, E2 Juan Ledezma to third 2-0: Ball 3-0: Called Strike 3-1: Base on Balls
|
Batting: RHB Phil Moore
|
0-0: Ball 1-0: Foul Ball, location: 2F 1-1: Foul Ball, location: 2F 1-2: Fly out, F8 (Flyball, 8RM)
|
Top of the 2nd over - 2 run(s), 3 hit(s), 1 error(s), 2 left on base; Delaware 3 - Mancelona 0 |
BOTTOM OF THE 2ND |
Mancelona Torch batting - Pitching for Delaware 1787 BC : RHP Osvaldo Garibe
|
Batting: RHB Ratko Ralevic
|
0-0: Ball 1-0: Fly out, F7 (Line Drive, 7)
|
Batting: LHB Badry Maksimenov
|
0-0: Foul Ball, location: 2F 0-1: Foul Ball, location: 2F 0-2: Strikes out looking
|
Batting: RHB Alex Vaske
|
0-0: Foul Ball, location: 2F 0-1: Swinging Strike 0-2: Foul Ball, location: 2F 0-2: Strikes out swinging
|
Bottom of the 2nd over - 0 run(s), 0 hit(s), 0 error(s), 0 left on base; Delaware 3 - Mancelona 0 |
TOP OF THE 3RD |
Delaware 1787 BC batting - Pitching for Mancelona Torch : RHP Ron Manning
|
Batting: RHB Randy Sheffield
|
0-0: Ball 1-0: Called Strike 1-1: Fly out, F9 (Flyball, 9LM)
|
Batting: RHB John Willoughby
|
0-0: Ball 1-0: Swinging Strike 1-1: Ball 2-1: Ground out 5-3 (Groundball, 56)
|
Batting: LHB Donovan Inman
|
0-0: Ball 1-0: Foul Ball, location: 2F 1-1: Ball 2-1: Ball 3-1: Base on Balls
|
Batting: RHB Toyozo Yamasaki
|
0-0: Ball 1-0: Fielders Choice at 2nd, 4-6 (Groundball, 4)
|
Top of the 3rd over - 0 run(s), 0 hit(s), 0 error(s), 0 left on base; Delaware 3 - Mancelona 0 |
BOTTOM OF THE 3RD |
Mancelona Torch batting - Pitching for Delaware 1787 BC : RHP Osvaldo Garibe
|
Batting: RHB Kyle Vandenbrink
|
0-0: SINGLE (Groundball, 34D)
|
Batting: LHB Jim Halpert
|
0-0: Ball 1-0: Called Strike 1-1: Ball 2-1: Fielders Choice at 2nd, 3-6 (Groundball, 3)
|
Batting: RHB Burt Babbs
|
0-0: Foul Ball, location: 2F 0-1: Ball 1-1: Ground out 6-3 (Groundball, 6MD) Jim Halpert to second
|
Batting: RHB José Córdova
|
0-0: Ball 1-0: Called Strike 1-1: Called Strike 1-2: Foul Ball, location: 2F 1-2: Foul Ball, location: 2F 1-2: SINGLE (Groundball, 4MD) Jim Halpert to third Runner from 3rd tries for Home, SAFE, no throw
|
Batting: RHB Emílio Agramónte
|
0-0: Ball 1-0: Ball José Córdova steals 2nd base 2-0: Ball 3-0: Called Strike 3-1: Foul Ball, location: 2F 3-2: Fly out, F5 (Popup, 5S)
|
Bottom of the 3rd over - 1 run(s), 2 hit(s), 0 error(s), 1 left on base; Delaware 3 - Mancelona 1 |
TOP OF THE 4TH |
Delaware 1787 BC batting - Pitching for Mancelona Torch : RHP Ron Manning
|
Batting: RHB David Wooderson
|
0-0: Bunted foul 0-1: Ball 1-1: Ground out 6-3 (Groundball, 6)
|
Batting: RHB José Rodríguez
|
0-0: Ball 1-0: Ball 2-0: Ball 3-0: Base on Balls
|
Batting: LHB Juan Ledezma
|
0-0: SINGLE (Groundball, 34) (infield hit) José Rodríguez to second
|
Batting: RHB Dam Son
|
0-0: Ball 1-0: Ball 2-0: Foul Ball, location: 2F 2-1: Ball 3-1: Foul Ball, location: 2F 3-2: Strikes out swinging
|
Batting: RHB Phil Moore
|
0-0: Called Strike 0-1: Ball 1-1: Foul Ball, location: 2F 1-2: Ball 2-2: Foul Ball, location: 2F 2-2: Ball 3-2: Foul Ball, location: 2F 3-2: Foul Ball, location: 2F 3-2: Foul Ball, location: 2F 3-2: Ground out 1-3 (Groundball, P)
|
Top of the 4th over - 0 run(s), 1 hit(s), 0 error(s), 2 left on base; Delaware 3 - Mancelona 1 |
BOTTOM OF THE 4TH |
Mancelona Torch batting - Pitching for Delaware 1787 BC : RHP Osvaldo Garibe
|
Batting: RHB Blake Snow
|
0-0: Ground out 5-3 (Groundball, 56)
|
Batting: RHB Ratko Ralevic
|
0-0: Swinging Strike 0-1: Ball 1-1: Ball 2-1: Foul Ball, location: 2F 2-2: Foul Ball, location: 2F 2-2: Strikes out swinging
|
Batting: LHB Badry Maksimenov
|
0-0: Ball 1-0: DOUBLE (Flyball, 7LM)
|
Batting: RHB Alex Vaske
|
0-0: Ball 1-0: Ball 2-0: Called Strike 2-1: Ball 3-1: Base on Balls
|
Batting: RHB Kyle Vandenbrink
|
0-0: Ball 1-0: Ball 2-0: Ball 3-0: Called Strike 3-1: Called Strike 3-2: Foul Ball, location: 2F 3-2: Fly out, F7 (Line Drive, 78D)
|
Bottom of the 4th over - 0 run(s), 1 hit(s), 0 error(s), 2 left on base; Delaware 3 - Mancelona 1 |
TOP OF THE 5TH |
Delaware 1787 BC batting - Pitching for Mancelona Torch : RHP Ron Manning
|
Pitching: RHP Arturo Guerrero
|
|
Batting: RHB Randy Sheffield
|
0-0: Called Strike 0-1: Swinging Strike 0-2: Strikes out swinging
|
Batting: RHB John Willoughby
|
0-0: Fly out, F7 (Flyball, 7LSF)
|
Batting: LHB Donovan Inman
|
0-0: Called Strike 0-1: Foul Ball, location: 2F 0-2: Ball 1-2: Strikes out swinging
|
Top of the 5th over - 0 run(s), 0 hit(s), 0 error(s), 0 left on base; Delaware 3 - Mancelona 1 |
BOTTOM OF THE 5TH |
Mancelona Torch batting - Pitching for Delaware 1787 BC : RHP Osvaldo Garibe
|
Batting: LHB Jim Halpert
|
0-0: Foul Ball, location: 2F 0-1: Ball 1-1: Foul Ball, location: 2F 1-2: Ball 2-2: SINGLE (Groundball, 6D)
|
Batting: RHB Burt Babbs
|
0-0: Bunt missed! 0-1: Reached on error, E5 (Groundball, 56S) Jim Halpert to third
|
Batting: RHB José Córdova
|
0-0: Swinging Strike 0-1: Ball 1-1: Swinging Strike 1-2: Ball 2-2: Strikes out looking
|
Batting: RHB Emílio Agramónte
|
0-0: Fly out, F4 (Popup, 3D)
|
Batting: RHB Blake Snow
|
0-0: Ball 1-0: Ball 2-0: Foul Ball, location: 2F 2-1: Swinging Strike 2-2: Ground out 5-3 (Groundball, 5S)
|
Bottom of the 5th over - 0 run(s), 1 hit(s), 1 error(s), 2 left on base; Delaware 3 - Mancelona 1 |
TOP OF THE 6TH |
Delaware 1787 BC batting - Pitching for Mancelona Torch : RHP Arturo Guerrero
|
Batting: RHB Toyozo Yamasaki
|
0-0: Called Strike 0-1: Ball 1-1: Foul Ball, location: 2F 1-2: Ground out 6-3 (Groundball, 6)
|
Batting: RHB David Wooderson
|
0-0: Ball 1-0: DOUBLE (Line Drive, 9LM)
|
Batting: RHB José Rodríguez
|
0-0: Foul Ball, location: 2F 0-1: Ball 1-1: Ball 2-1: Called Strike 2-2: Foul Ball, location: 2F 2-2: Foul Ball, location: 2F 2-2: Strikes out swinging
|
Batting: LHB Juan Ledezma
|
0-0: Ball 1-0: SINGLE (Groundball, 4MD) David Wooderson to third Runner from 3rd tries for Home, SAFE, no throw
|
Batting: RHB Dam Son
|
0-0: Called Strike Balk! Juan Ledezma to second 0-1: SINGLE (Groundball, 6S) (infield hit) Juan Ledezma to third
|
Batting: RHB Phil Moore
|
0-0: Ball 1-0: Ball 2-0: Ball 3-0: Called Strike 3-1: Foul Ball, location: 2F 3-2: Foul Ball, location: 2F 3-2: Base on Balls Dam Son to second
|
Batting: RHB Randy Sheffield
|
0-0: Foul Ball, location: 2F 0-1: Ball 1-1: Ball 2-1: Ball 3-1: Foul Ball, location: 2F 3-2: Foul Ball, location: 2F 3-2: Fly out, F9 (Flyball, 9LM)
|
Top of the 6th over - 1 run(s), 3 hit(s), 0 error(s), 3 left on base; Delaware 4 - Mancelona 1 |
BOTTOM OF THE 6TH |
Mancelona Torch batting - Pitching for Delaware 1787 BC : RHP Osvaldo Garibe
|
Batting: RHB Ratko Ralevic
|
0-0: Ball 1-0: Called Strike 1-1: Swinging Strike 1-2: Strikes out looking
|
Batting: LHB Badry Maksimenov
|
0-0: Ball 1-0: Ball 2-0: Called Strike 2-1: Foul Ball, location: 2F 2-2: Ball 3-2: DOUBLE (Line Drive, 9LM)
|
Batting: RHB Alex Vaske
|
0-0: Called Strike 0-1: Ball 1-1: Ground out 6-3 (Groundball, 6)
|
Batting: RHB Kyle Vandenbrink
|
0-0: Swinging Strike 0-1: Ball 1-1: Ball 2-1: Foul Ball, location: 2F 2-2: Strikes out swinging
|
Bottom of the 6th over - 0 run(s), 1 hit(s), 0 error(s), 1 left on base; Delaware 4 - Mancelona 1 |
TOP OF THE 7TH |
Delaware 1787 BC batting - Pitching for Mancelona Torch : RHP Arturo Guerrero
|
Batting: RHB John Willoughby
|
0-0: Ball 1-0: Foul Ball, location: 2F 1-1: Ground out 6-3 (Groundball, 6)
|
Batting: LHB Donovan Inman
|
0-0: Ball 1-0: Ball 2-0: Ball 3-0: Base on Balls
|
Batting: RHB Toyozo Yamasaki
|
0-0: Grounds into double play, 6-4-3 (Groundball, 6M)
|
Top of the 7th over - 0 run(s), 0 hit(s), 0 error(s), 0 left on base; Delaware 4 - Mancelona 1 |
BOTTOM OF THE 7TH |
Mancelona Torch batting - Pitching for Delaware 1787 BC : RHP Osvaldo Garibe
|
Batting: LHB Jim Halpert
|
0-0: Foul Ball, location: 2F 0-1: Ball 1-1: Called Strike 1-2: Strikes out swinging
|
Batting: RHB Burt Babbs
|
0-0: Called Strike 0-1: Called Strike 0-2: Strikes out looking
|
Batting: RHB José Córdova
|
0-0: Called Strike 0-1: Ball 1-1: Ball 2-1: DOUBLE (Flyball, 78M)
|
Pitching: RHP Gabriel Chávez
|
|
Batting: RHB Emílio Agramónte
|
0-0: Ball 1-0: Called Strike 1-1: Swinging Strike 1-2: Strikes out swinging
|
Bottom of the 7th over - 0 run(s), 1 hit(s), 0 error(s), 1 left on base; Delaware 4 - Mancelona 1 |
TOP OF THE 8TH |
Delaware 1787 BC batting - Pitching for Mancelona Torch : RHP Arturo Guerrero
|
Batting: RHB David Wooderson
|
0-0: Foul Ball, location: 2F 0-1: Called Strike 0-2: Strikes out swinging
|
Batting: RHB José Rodríguez
|
0-0: Ball 1-0: Foul Ball, location: 2F 1-1: Called Strike 1-2: Ball 2-2: Ball 3-2: Base on Balls
|
Batting: LHB Juan Ledezma
|
0-0: Ball 1-0: Hit by Pitch José Rodríguez to second
|
Batting: RHB Dam Son
|
0-0: Called Strike 0-1: Ball 1-1: Ball 2-1: Foul Ball, location: 2F 2-2: Ball 3-2: Fly out, F8 (Flyball, 8RM)
|
Batting: RHB Phil Moore
|
0-0: Fielders Choice at 2nd, 4-6 (Groundball, 4)
|
Top of the 8th over - 0 run(s), 0 hit(s), 0 error(s), 1 left on base; Delaware 4 - Mancelona 1 |
BOTTOM OF THE 8TH |
Mancelona Torch batting - Pitching for Delaware 1787 BC : RHP Gabriel Chávez
|
Batting: RHB Blake Snow
|
0-0: Ball 1-0: Called Strike 1-1: Foul Ball, location: 2F 1-2: Foul Ball, location: 2F 1-2: Strikes out swinging
|
Batting: RHB Ratko Ralevic
|
0-0: Ball 1-0: SINGLE (Line Drive, 9S)
|
Pitching: LHP Otte Leuthold
|
|
Batting: LHB Badry Maksimenov
|
0-0: Ball 1-0: Swinging Strike 1-1: Foul Ball, location: 2F 1-2: Foul Ball, location: 2F 1-2: Strikes out looking
|
Pitching: RHP Ramón Ocegueda
|
|
Batting: RHB Alex Vaske
|
0-0: Foul Ball, location: 2F 0-1: Ball 1-1: Fielders Choice at 2nd, 6-4 (Groundball, 6)
|
Bottom of the 8th over - 0 run(s), 1 hit(s), 0 error(s), 0 left on base; Delaware 4 - Mancelona 1 |
TOP OF THE 9TH |
Delaware 1787 BC batting - Pitching for Mancelona Torch : RHP Arturo Guerrero
|
Batting: RHB Randy Sheffield
|
0-0: Ball 1-0: Ball 2-0: Foul Ball, location: 2F 2-1: Foul Ball, location: 2F 2-2: SINGLE (Groundball, 6MD)
|
Batting: RHB John Willoughby
|
0-0: Sac Bunt - play at first, batter OUT! 1-3 Randy Sheffield to second
|
Batting: LHB Donovan Inman
|
0-0: Ball 1-0: Ball 2-0: Foul Ball, location: 2F 2-1: SINGLE (Groundball, 6MD) Randy Sheffield to third Runner from 3rd tries for Home, SAFE, throw made home
|
Batting: RHB Toyozo Yamasaki
|
0-0: Ball 1-0: SINGLE (Groundball, 6MD) Donovan Inman to second
|
Batting: RHB David Wooderson
|
0-0: Ball 1-0: SINGLE (Groundball, 4M) (infield hit) Donovan Inman to third Toyozo Yamasaki to second
|
Batting: RHB José Rodríguez
|
0-0: Called Strike 0-1: Called Strike 0-2: Ball 1-2: Fly out, F9 (Flyball, 9) Runner from 3rd tags up, SCORES, no throw
|
Pitching: RHP Wong Fei-Hung
|
|
Batting: LHB Juan Ledezma
|
0-0: Ball 1-0: Called Strike 1-1: Ball 2-1: Ball 3-1: Foul Ball, location: 2F 3-2: Strikes out swinging
|
Top of the 9th over - 2 run(s), 4 hit(s), 0 error(s), 2 left on base; Delaware 6 - Mancelona 1 |
BOTTOM OF THE 9TH |
Mancelona Torch batting - Pitching for Delaware 1787 BC : RHP Ramón Ocegueda
|
Pitching: LHP Doppo Omikado
|
|
Now at C: Dave Cohan
|
|
Now in LF: Ward Wilberfoss
|
|
Batting: RHB Kyle Vandenbrink
|
0-0: Ball 1-0: Ball 2-0: SINGLE (Groundball, 34D)
|
Batting: LHB Jim Halpert
|
0-0: Foul Ball, location: 2F 0-1: Swinging Strike 0-2: Foul Ball, location: 2F 0-2: Ball 1-2: Strikes out swinging
|
Batting: RHB Burt Babbs
|
0-0: Ball 1-0: Called Strike 1-1: Called Strike 1-2: Ball 2-2: Foul Ball, location: 2F 2-2: Strikes out looking
|
Batting: RHB José Córdova
|
0-0: Called Strike 0-1: Ball 1-1: Swinging Strike 1-2: Foul Ball, location: 2F 1-2: Ball 2-2: Ball 3-2: Base on Balls Kyle Vandenbrink to second
|
Batting: RHB Emílio Agramónte
|
0-0: Ball 1-0: Ball 2-0: Swinging Strike 2-1: Ball 3-1: Foul Ball, location: 2F 3-2: Base on Balls Kyle Vandenbrink to third José Córdova to second
|
Batting: RHB Blake Snow
|
0-0: Ball 1-0: Swinging Strike 1-1: Ball 2-1: Ball 3-1: Foul Ball, location: 2F 3-2: Foul Ball, location: 2F 3-2: Base on Balls Kyle Vandenbrink scores José Córdova to third Emílio Agramónte to second
|
Pinch Hitting: RHB Bob Mager
|
0-0: Ball 1-0: Swinging Strike 1-1: Called Strike 1-2: Strikes out swinging
|
Bottom of the 9th over - 1 run(s), 1 hit(s), 0 error(s), 3 left on base; Delaware 6 - Mancelona 2 |
|